Map: Royal Blood LE

Players

EchelonEx

  • Race: Protoss Protoss
  • League: Gold
  • Spawn Location: 1:00

UScybryant - Winner!

  • Race: Terran Terran
  • League: Gold
  • Spawn Location: 7:00

VOD

Have the link to the VOD?

Description

Time

  • Played on: Sept. 23, 2023, 12:03 a.m.
  • Length: 24:22
Show
View Real Time Build Order
Export as new Build Order

EchelonEx Protoss 

Build Orders:  

Get SALT Encoding   

  12  0:00  Probe  
  13  0:12  Probe  
  14  0:24  Pylon, Probe  
  15  0:42  Probe  
  16  0:47  Gateway  
  16  0:50  Gateway  
  16  0:54  Probe (Chrono Boost)  
  17  1:06  Probe (Chrono Boost)  
  17  1:11  Assimilator  
  18  1:13  Probe (Chrono Boost)  
  19  1:20  Probe  
  20  1:28  Assimilator  
  20  1:32  Probe  
  21  1:35  Cybernetics Core  
  21  1:44  Pylon, Probe  
  21  1:56  Probe  
  22  2:06  Warp Gate (Chrono Boost)  
  22  2:09  Probe  
  22  2:11  Pylon  
  22  2:13  Adept x2  
  27  2:21  Probe  
  28  2:25  Gateway  
  28  2:38  Gateway  
  28  2:43  Pylon  
  28  2:58  Pylon  
  28  3:03  Stalker  
  28  3:04  Stalker  
  32  3:19  Gateway  
  32  3:53  Stalker x4  
  40  3:57  Pylon  
  40  4:16  Adept x2  
  40  4:17  Adept x2  
  48  4:27  Stalker  
  50  4:39  Stalker x2  
  54  4:49  Pylon  
  54  4:55  Pylon  
  54  5:19  Zealot x3  
  54  5:20  Zealot  
  62  5:23  Zealot  
  54  6:02  Stalker x3  
  54  6:03  Stalker  
  62  6:04  Stalker  
  64  6:11  Pylon  
  36  6:45  Stalker  
  36  6:46  Stalker x3  
  38  7:05  Zealot  
  40  7:11  Stalker x3  
  46  7:20  Pylon  
  46  7:29  Stalker  
  48  7:35  Probe  
  49  7:41  Pylon  
  49  7:47  Probe  
  50  7:52  Stalker  
  52  8:25  Nexus  
  52  8:46  Robotics Facility  
  52  9:00  Stalker, Adept  
  56  9:35  Probe (Chrono Boost)  
  57  9:38  Probe (Chrono Boost)  
  57  9:42  Observer (Chrono Boost)  
  60  9:47  Probe (Chrono Boost)  
  60  9:49  Stalker x3, Probe (Chrono Boost)  
  67  9:56  Observer (Chrono Boost)  
  68  10:02  Stalker x2  
  72  10:29  Adept x2  
  72  10:30  Adept x2  
  80  10:35  Observer  
  80  10:43  Zealot  
  82  10:59  Probe x2  
  82  11:00  Twilight Council  
  82  11:02  Gateway  
  54  11:28  Adept x5  
  47  12:04  Stalker x4  
  47  12:05  Stalker x2  
  55  12:34  Blink (Chrono Boost)  
  55  12:37  Probe x2  
  57  12:47  Forge x2  
  57  12:48  Immortal, Gateway  
  57  12:49  Probe  
  62  12:51  Gateway  
  62  12:52  Stalker x4  
  68  13:23  Protoss Ground Weapons Level 1 (Chrono Boost)  
  68  13:27  Assimilator  
  68  13:29  Assimilator  
  60  13:36  Adept  
  60  13:37  Adept x3  
  60  13:39  Nexus  
  60  13:40  Protoss Ground Armor Level 1 (Chrono Boost)  
  68  13:58  Immortal  
  72  14:06  Sentry x2  
  76  14:15  Probe x2, Templar Archives  
  78  14:27  Probe  
  79  14:33  Adept  
  79  14:34  Adept x4  
  79  14:36  Gateway  
  89  14:49  Zealot x2  
  89  14:50  Zealot  
  95  14:56  Probe x3  
  98  15:08  Probe x3  
  98  15:09  Stalker x2  
  105  15:15  Warp Prism  
  107  15:28  Zealot x2  
  107  15:29  Zealot  
  113  15:44  Assimilator  
  113  15:47  Assimilator  
  113  15:55  Zealot x3  
  113  15:56  Zealot x3  
  125  16:05  Pylon  
  125  16:17  Robotics Bay  
  125  16:19  Pylon  
  125  16:23  Observer  
  126  16:30  Pylon  
  126  16:31  Pylon  
  126  16:33  Pylon  
  126  16:37  High Templar  
  126  16:38  High Templar  
  126  16:39  High Templar  
  132  16:42  Zealot  
  132  16:43  Archon  
  134  16:52  Zealot x2, High Templar  
  134  16:53  Zealot x2  
  144  16:56  Archon  
  144  17:06  Extended Thermal Lance  
  144  17:30  Zealot x7  
  144  17:34  Nexus  
  144  17:36  Assimilator  
  158  17:39  Assimilator  
  158  17:52  Zealot x3  
  164  18:04  Pylon  
  164  18:06  Pylon  
  164  18:08  Pylon  
  57  18:52  Probe x2  
  57  18:55  Colossus  
  57  18:59  Stalker x5  
  57  19:00  Stalker, Zealot  
  73  19:09  Zealot  
  75  19:10  Zealot  
  77  19:20  Charge (Chrono Boost)  
  77  19:21  Protoss Ground Armor Level 2 (Chrono Boost)  
  77  19:23  Protoss Shields Level 1 (Chrono Boost)  
  77  19:24  Zealot x3  
  77  19:46  Colossus (Chrono Boost), Stalker x2  
  87  20:10  Probe  
  87  20:13  Probe  
  89  20:19  Psionic Storm  
  89  20:22  Probe  
  89  20:25  Probe  
  91  20:29  High Templar  
  91  20:30  High Templar  
  91  20:32  Colossus, Zealot x3  
  91  20:33  Zealot x3  
  91  20:34  Probe  
  91  20:35  Archon  
  114  20:43  Probe  
  114  20:44  Probe x2  
  114  20:46  Probe  
  118  20:54  Zealot  
  118  20:55  Zealot x3, Probe  
  127  20:58  Probe  
  127  21:02  Zealot  
  127  21:03  Zealot x2  
  126  21:18  Robotics Facility  
  126  21:20  Pylon  
  126  21:36  Probe x3  
  126  21:37  Probe  
  130  21:50  Nexus  
  130  21:51  Stalker  
  130  21:52  Stalker x6  
  138  22:17  Stalker x3  
  137  22:23  Stalker  
  137  22:27  Probe x4  
  139  22:39  Probe x2  
  141  23:06  Nexus  
  141  23:09  Probe  
  142  23:16  Pylon  
  142  23:19  Pylon  
  142  23:21  Probe  
  133  23:28  Stalker x2  
  133  23:33  Probe  
  128  23:45  Probe  
  128  23:47  Pylon  
  119  23:50  Pylon  
  110  23:57  Probe  
  85  24:09  Probe  
  54  24:16  Stalker x2  
  54  24:17  Stalker x6  
Show
View Real Time Build Order
Export as new Build Order

UScybryant Terran - Winner!

Build Orders: Reaper Expand 

Get SALT Encoding   

  12  0:02  SCV  
  13  0:14  SCV  
  14  0:19  Supply Depot  
  14  0:27  SCV  
  15  0:42  Barracks  
  15  0:43  SCV  
  15  0:47  Refinery  
  16  0:55  SCV  
  17  1:08  SCV  
  18  1:11  Barracks  
  18  1:21  SCV  
  19  1:32  Supply Depot  
  19  1:36  Orbital Command  
  19  1:39  Barracks Reactor  
  19  2:08  Command Center  
  19  2:14  Refinery  
  19  2:16  Reaper  
  19  2:19  Marine  
  19  2:21  Marine  
  22  2:25  SCV  
  23  2:40  SCV  
  23  2:41  Barracks Tech Lab  
  24  2:52  SCV  
  24  2:58  Marine x2, Factory  
  27  3:03  Marine  
  27  3:04  SCV  
  29  3:10  Engineering Bay  
  29  3:14  Supply Depot  
  29  3:29  Orbital Command  
  29  3:42  Supply Depot, Armory  
  29  3:47  Starport  
  29  3:48  Barracks Tech Lab  
  29  3:55  SCV x2  
  31  4:00  Siege Tank  
  34  4:07  SCV  
  35  4:11  Missile Turret  
  35  4:13  SCV  
  35  4:16  Terran Infantry Weapons Level 1  
  36  4:19  SCV  
  37  4:25  Stimpack, SCV  
  37  4:31  Refinery, SCV  
  39  4:37  SCV  
  39  4:43  SCV  
  40  4:47  Refinery, Liberator  
  40  4:49  SCV  
  44  4:53  Marine  
  44  4:54  Marine  
  44  4:55  SCV  
  47  5:01  SCV  
  48  5:07  SCV  
  48  5:13  SCV  
  50  5:15  Command Center  
  50  5:20  Siege Tank  
  52  5:22  SCV  
  52  5:25  SCV  
  54  5:31  Sensor Tower  
  44  5:45  Marine x3  
  47  5:52  Siege Tank  
  41  6:34  Marine  
  38  6:41  Marine x2  
  40  6:48  Siege Tank  
  40  6:49  Liberator  
  40  6:52  Marine  
  47  7:03  Bunker  
  47  7:12  Supply Depot  
  47  7:15  Supply Depot  
  47  7:17  Combat Shield  
  47  7:19  Terran Infantry Armor Level 1  
  47  7:21  Terran Vehicle Weapons Level 1  
  47  7:33  Marine x3  
  47  7:34  Siege Tank  
  53  7:51  Marine x3  
  53  7:55  Bunker  
  56  8:09  Marine x3  
  61  8:14  Bunker  
  61  8:20  Command Center  
  61  8:22  Viking  
  61  8:27  Marine x2  
  63  8:35  Missile Turret  
  63  8:42  Supply Depot  
  63  8:50  Supply Depot  
  63  8:57  Starport Reactor  
  63  9:04  Marine x3  
  63  9:09  Supply Depot  
  66  9:12  Siege Tank  
  69  9:21  Marine  
  70  9:25  Drilling Claws  
  70  9:28  Terran Vehicle And Ship Armor Level 1  
  70  9:34  Liberator  
  73  9:39  Liberator  
  76  10:17  Medivac  
  78  10:22  Medivac  
  73  11:42  Command Center  
  70  11:47  Marine  
  70  11:48  Marine x2  
  70  12:05  Marine x2  
  70  12:06  Marine  
  73  12:14  Refinery  
  73  12:16  Refinery  
  72  12:23  Marine x3  
  73  12:41  Marine x3  
  75  12:51  Medivac x2  
  79  12:58  Marine  
  79  12:59  Marine x2  
  79  13:16  Marine  
  79  13:17  Marine x2  
  79  13:19  SCV  
  83  13:21  Medivac x2  
  86  13:34  Marine  
  86  13:35  Marine x2  
  89  13:46  Concussive Shells  
  89  13:51  Medivac x2  
  89  13:52  Marine x3  
  96  14:00  Orbital Command  
  96  14:05  SCV  
  96  14:08  Refinery  
  96  14:09  Siege Tank  
  100  14:10  Marine x3  
  100  14:11  Refinery, Neosteel Armor  
  100  14:14  Terran Ship Weapons Level 1  
  103  14:17  SCV  
  104  14:28  Engineering Bay  
  104  14:29  SCV  
  104  14:30  SCV  
  106  14:31  Marine  
  106  14:38  Barracks  
  107  14:41  SCV  
  108  14:50  Orbital Command  
  108  15:01  Marine x3  
  111  15:08  Supply Depot  
  111  15:19  Marine x3  
  114  15:36  Marine  
  114  15:37  Marine  
  114  15:38  Marauder  
  118  15:46  Orbital Command  
  118  15:54  Marine  
  118  15:55  Marine  
  120  15:59  Marauder  
  122  16:11  SCV  
  122  16:12  SCV x2  
  122  16:18  Bunker  
  125  16:23  Bunker  
  125  16:28  Marine x2, SCV x2  
  125  16:29  Barracks Reactor, SCV, Marauder  
  125  16:31  Supply Depot  
  132  16:41  SCV  
  132  16:44  Refinery  
  133  16:50  Supply Depot  
  133  16:52  Marine x2, Siege Tank, Supply Depot, SCV  
  133  16:53  Marauder  
  133  16:54  Supply Depot  
  141  16:55  Supply Depot  
  141  17:05  Bunker  
  141  17:11  Medivac x2, SCV x2  
  141  17:12  Refinery  
  141  17:13  Terran Infantry Weapons Level 2  
  147  17:16  Terran Infantry Armor Level 2  
  147  17:18  Terran Vehicle And Ship Armor Level 2  
  147  17:32  Factory  
  147  17:34  Siege Tank  
  150  17:44  Sensor Tower  
  150  17:48  Missile Turret  
  150  17:56  Marauder  
  150  17:58  Marine x4  
  156  18:06  Siege Tank  
  159  18:16  Marine x3  
  159  18:17  Marauder  
  145  18:39  Marauder  
  123  18:49  Marine  
  123  18:50  Marine x3  
  123  18:53  Viking x2  
  131  18:57  SCV  
  131  19:00  Marauder  
  134  19:07  Marine  
  134  19:08  Marine x3  
  134  19:09  SCV  
  139  19:15  Bunker  
  139  19:21  SCV  
  139  19:22  Marauder  
  142  19:25  Marine x4  
  146  19:33  Factory Reactor, Terran Ship Weapons Level 2  
  146  19:34  Siege Tank  
  149  19:43  Marine x4, Marauder  
  155  19:49  Command Center  
  155  19:54  Bunker  
  155  19:59  Bunker  
  155  20:00  Marine  
  155  20:01  Marine  
  157  20:08  Supply Depot  
  157  20:29  Marine x3  
  157  20:30  Siege Tank, Supply Depot, Marauder  
  157  20:31  Bunker  
  165  20:36  Command Center  
  165  20:48  Bunker  
  165  20:52  Marine x4  
  165  20:53  Supply Depot  
  169  20:57  Terran Infantry Weapons Level 3  
  169  20:58  Terran Infantry Armor Level 3  
  169  21:01  Bunker  
  169  21:02  Siege Tank, Widow Mine x2  
  176  21:05  Marine  
  176  21:09  Marine  
  178  21:17  Sensor Tower, Supply Depot  
  178  21:34  Siege Tank  
  178  21:38  Medivac x2  
  185  21:44  Refinery  
  185  21:45  Refinery  
  185  21:49  Sensor Tower  
  185  22:06  Siege Tank  
  185  22:08  Viking, Medivac  
  186  22:26  Orbital Command  
  186  22:27  Refinery  
  183  22:32  Orbital Command  
  183  22:36  Marauder  
  185  22:38  Marine x2  
  185  22:39  Marine  
  188  22:45  Missile Turret  
  188  22:51  Refinery  
  188  22:52  Widow Mine x2  
  188  22:56  Marine x2  
  188  22:58  Marauder  
  196  23:13  Marine  
  196  23:14  Marine  
  196  23:19  Marauder  
  200  23:33  Command Center  
Tags
 
Add a new tag
Caveats
  • Supply blocks, unpowered buildings, or Contaminate may cause inaccurate times.
  • Supply counts are checked every 10 seconds.